6 Keeper of the Grove
3 Force of Nature
2 Thorns Aura
1 Tranquility
4 Priestess of the Moon
2 Trueshot Aura
2 Searing Arrows
4 Demon Hunter
2 Immolation
2 Evasion
» actions
| Assign group hotkey | 33 | |
| Basic commands | 18 | |
| Build / train | 163 | |
| Enter build submenu | 51 | |
| Enter hero's abilities submenu | 13 | |
| Give item / drop item | 1 | |
| Remove unit from queue | 24 | |
| Right click | 558 | |
| Select / deselect | 706 | |
| Select group hotkey | 116 | |
| Use ability | 160 | |
1843 total
» units
| Wisp | 33 | |
| Archer | 20 | |
| Huntress | 14 | |
| Druid of the Claw | 6 | |
| Goblin Shredder | 1 | |
| Goblin Zeppelin | 1 | |
| Mountain Giant | 4 | |
| Faerie Dragon | 3 | |
| Druid of the Talon | 1 | |
| Chimaera | 5 | |
| Hippogryph | 5 | |
93 total
» upgrades
| Ultravision | 1 | |
| Strength of the Moon | 3 | |
| Moon Armor | 3 | |
| Improved Bows | 1 | |
| Druid of the Claw Training | 2 | |
| Marksmanship | 1 | |
| Mark of the Claw | 1 | |
| Hardened Skin | 1 | |
| Resistant Skin | 1 | |
| Upgrade Moon Glaive | 1 | |
| Reinforced Hides | 3 | |
| Nature's Blessing | 1 | |
| Druid of the Talon Training | 1 | |
| Corrosive Breath | 1 | |
| Well Spring | 1 | |
| Strength of the Wild | 1 | |
| Hippogryph Taming | 1 | |
24 total
» buildings
| Altar of Elders | 2 | |
| Moon Well | 19 | |
| Ancient of War | 3 | |
| Hunter's Hall | 2 | |
| Tree of Ages | 3 | |
| Ancient of Wonders | 3 | |
| Ancient of Lore | 2 | |
| Tree of Eternity | 2 | |
| Tree of Life | 3 | |
| Ancient of Wind | 3 | |
| Chimaera Roost | 1 | |
43 total
» build order
00:07 Altar of Elders
00:20 Moon Well
00:33 Ancient of War
02:07 Hunter's Hall
02:28 Moon Well
03:16 Tree of Ages
04:37 Moon Well
04:40 Ancient of Wonders
06:37 Ancient of Lore
07:14 Moon Well
07:15 Moon Well
07:19 Moon Well
07:20 Moon Well
08:31 Tree of Eternity
12:04 Tree of Life
15:44 Tree of Life
16:42 Ancient of Wind
18:46 Moon Well
18:48 Moon Well
19:40 Moon Well
19:41 Moon Well
19:47 Chimaera Roost
24:26 Ancient of War
26:45 Tree of Life
29:22 Ancient of Wonders
40:03 Ancient of War
40:06 Altar of Elders
40:09 Moon Well
40:11 Moon Well
40:13 Moon Well
40:16 Moon Well
40:18 Moon Well
40:20 Moon Well
40:24 Ancient of Wonders
40:29 Moon Well
40:46 Moon Well
40:50 Tree of Ages
40:54 Tree of Ages
41:29 Hunter's Hall
43:13 Tree of Eternity
43:16 Ancient of Wind
43:21 Ancient of Lore
44:20 Ancient of Wind